 Dungeon Crawl Stone Soup version 0.25-a0-665-ga69d64035b (webtiles) character file.

Game seed: 6569124422342498999, levelgen mode: deterministic

16 An17 the Vexing (level 2, -3/11 HPs)
             Began as a Felid Enchanter on Mar 26, 2020.
             Slain by a hobgoblin (4 damage)
             ... on level 1 of the Dungeon.
             The game lasted 00:02:43 (571 turns).

An17 the Vexing (Felid Enchanter)                    Turns: 571, Time: 00:02:43

Health: -3/11      AC:  1    Str:  4    XL:     2   Next: 37%
Magic:  3/6        EV: 18    Int: 16    God:
Gold:   28         SH:  0    Dex: 16    Spells: 2/5 levels left
                                        Lives:  0   Deaths: 0

rFire    . . .     SeeInvis +     - Unarmed
rCold    . . .     Gourm    .   (shield unavailable)
rNeg     . . .     Faith    .   (armour unavailable)
rPois    .         Spirit   .   (helmet unavailable)
rElec    .         Reflect  .   (cloak unavailable)
rCorr    .         Harm     .   (gloves unavailable)
MR       .....                  (boots unavailable)
Stlth    +++.......             (no amulet)
HPRegen  0.03/turn              (no ring)
MPRegen  0.10/turn              (no ring)

@: quick
A: very small, no armour, no weapons or thrown items, stealth, claws 1, fangs 3,
see invisible, carnivore, speed 1, shaggy fur 1, slow metabolism 1, sharp paws
a: no special abilities


You were on level 1 of the Dungeon.
You were not hungry.

You visited 1 branch of the dungeon, and saw 1 of its levels.

You collected 28 gold pieces.

Inventory:

Potions
 c - a potion of might
Comestibles
 b - a ration


   Skills:
 + Level 2.8 Dodging
 + Level 4.3 Stealth
 + Level 1.3 Unarmed Combat
 + Level 2.1 Spellcasting
 + Level 4.9 Hexes


You had 2 spell levels left.
You knew the following spells:

 Your Spells              Type           Power        Failure   Level  Hunger
a - Corona                Hex            ###....      2%          1    #......
b - Ensorcelled Hibernat  Hex/Ice        #.....       12%         2    ###....

Your spell library contained the following spells:

 Spells                   Type           Power        Failure   Level  Hunger
 Confusing Touch          Hex            ###.....     9%          3    ###....
 Tukima's Dance           Hex            ###.....     9%          3    ###....
 Dazzling Flash           Conj/Hex       #.....       22%         3    ###....


Dungeon Overview and Level Annotations

Branches:
Dungeon (1/15)

Altars:


Innate Abilities, Weirdness & Mutations

You cannot wear armour.
You are incapable of wielding weapons or throwing items.
Your paws allow you to move quietly. (Stealth)
You have sharp claws.
You have razor-sharp teeth.
You have supernaturally acute eyesight. (SInv)
You are carnivorous and can eat meat at any time.
You cover ground quickly.
You are covered in fur. (AC +1)
You have a slow metabolism.
Your sharp claws are effective at attacking unaware monsters.


Message History

* * * LOW HITPOINT WARNING * * *
You scratch the hobgoblin but do no damage.
The hobgoblin is lightly wounded.
The hobgoblin barely misses you.
You scratch the hobgoblin.
The hobgoblin is moderately wounded.
The hobgoblin completely misses you.
You scratch the hobgoblin.
The hobgoblin is heavily wounded.
The hobgoblin completely misses you.
You barely miss the hobgoblin.
The hobgoblin is heavily wounded.
The hobgoblin closely misses you.
You closely miss the hobgoblin. Your bite misses the hobgoblin.
The hobgoblin is heavily wounded.
The hobgoblin misses you.
You scratch the hobgoblin but do no damage.
The hobgoblin is heavily wounded.
The hobgoblin hits you.
You die...

***** *,,,####* *,,,,...*
*,,,*##.## **,*##...#############
*,*#......g.g.......#
*.###..†###########.#
*#.......g@..(# #[# ##
*..##########.# #g# #. *,,* #.#
#.# #. *,,##*** #.######.## #.
*******,.#.g,* ###...g.....####.
,,,,,,,,.....##*#..............#.
*******,.......##.########.###.#.
,,,,,,,,.......((.....# #.# #>#.
*******,.......##.###.####.###.#.


You could see a hobgoblin.

Vanquished Creatures
  A dart slug (D:1)
  A leopard gecko (D:1)
  2 giant cockroaches (D:1)
  A goblin (D:1)
  2 hobgoblins (D:1)
  A kobold (D:1)
  A frilled lizard (D:1)
  3 rats (D:1)
12 creatures vanquished.

Notes
Turn   | Place    | Note
-------+----------+-------------------------------------------
     0 | D:1      | An17 the Felid Enchanter began the quest for the Orb.
     0 | D:1      | Reached XP level 1. HP: 7/7 MP: 4/4
   181 | D:1      | Reached XP level 2. HP: 3/11 MP: 6/6
   198 | D:1      | Learned a level 2 spell: Ensorcelled Hibernation
   571 | D:1      | Slain by a hobgoblin

Levels and vault maps discovered:
D:1:      scummos_arrival_simple_crosswalls, layout_loops_ring

Action                   || total
-------------------------++-------
Melee: Unarmed           ||    68
       Bite              ||     4
 Cast: Corona            ||     7
       Ensorcelled Hiber ||     8
  Use: Scroll            ||     3
 Stab: Sleeping          ||     3
Armor: Skin              ||     6
Dodge: Dodged            ||    55

Table legend:
 A = Non-vault XP
 B = Vault XP
 C = Vault XP percentage of total XP
 D = Non-vault monster count
 E = Vault monster count
 F = Vault count percentage of total count
                 A         B        C        D         E       F
            +---------+---------+-------+---------+---------+-------
      Total |      23 |       0 |   0.0 |      12 |       0 |   0.0
            +---------+---------+-------+---------+---------+-------
        D:1 |      23 |       0 |   0.0 |      12 |       0 |   0.0
            +---------+---------+-------+---------+---------+-------
